 Dungeon Crawl Stone Soup version 0.30-a0-591-g3c58d2bc28 (webtiles) character file.

Game seed: 14238872474520169741

122 Darkkill the Shooter (level 4, -1/40 HPs)
             Began as a Minotaur Hunter on Jan 5, 2023.
             Slain by a gnoll sergeant
             ... wielding a +0 spear
              (3 damage)
             ... on level 3 of the Dungeon.
             The game lasted 00:03:02 (1404 turns).

Darkkill the Shooter (Minotaur Hunter)              Turns: 1404, Time: 00:03:02

Health: -1/40      AC:  7    Str: 15    XL:     4   Next: 78%
Magic:  3/3        EV: 13    Int:  6    God:
Gold:   93         SH:  0    Dex: 16    Spells: 3/3 levels left

rFire   . . .      SeeInvis .    a - +0 shortbow
rCold   . . .      Faith    .    (shield currently unavailable)
rNeg    . . .      Spirit   .    c - +1 leather armour
rPois   .          Reflect  .    (helmet restricted)
rElec   .          Harm     .    d - +1 cloak
rCorr   .          Rampage  .    k - +0 pair of gloves
Will    .....                    (no boots)
Stlth   ++                       (no amulet)
HPRegen 0.26/turn                (no ring)
MPRegen 0.08/turn                (no ring)

@: no status effects
A: horns 2, retaliatory headbutt
a: no special abilities


You were on level 3 of the Dungeon.
You visited 1 branch of the dungeon, and saw 3 of its levels.

You collected 93 gold pieces.

Inventory:

Hand Weapons
 a - a +0 shortbow (weapon)
Missiles
 e - 5 curare-tipped darts {=f !f}
 f - 24 stones
 h - a throwing net {=f !f}
Armour
 c - a +1 leather armour (worn)
 d - a +1 cloak (worn)
 k - a +0 pair of gloves (worn)
Scrolls
 b - a scroll of immolation
 g - 2 scrolls of magic mapping
Potions
 m - a potion of lignification {unknown}


   Skills:
 + Level 3.6 Fighting
 + Level 5.0 Ranged Weapons
 + Level 3.3 Dodging
 + Level 2.1 Stealth


You had 3 spell levels left.
You didn't know any spells.
Your spell library was empty.

Dungeon Overview and Level Annotations

Branches:
Dungeon (3/15)

Altars:
Cheibriados


Innate Abilities, Weirdness & Mutations

You have a pair of horns on your head.
You reflexively headbutt those who attack you in melee.


Message History

Fire: a) +0 shortbow
Press: ? - help, Q - select action, (/) - cycle Shift-Dir - straight line, f/p - gnoll
Aim: a gnoll, wielding a +0 halberd (66% to hit)
You shoot an arrow.
The arrow hits the gnoll but does no damage.
The gnoll closely misses you.
The gnoll hits you from afar with a +0 halberd!
Fire: a) +0 shortbow
Press: ? - help, Q - select action, (/) - cycle Shift-Dir - straight line, f/p - gnoll
Aim: a gnoll, wielding a +0 halberd (66% to hit)
You shoot an arrow. The arrow hits the gnoll.
The gnoll is lightly wounded.
The gnoll barely misses you.
Fire: a) +0 shortbow
Press: ? - help, Q - select action, (/) - cycle Shift-Dir - straight line, f/p - gnoll
Aim: a gnoll, wielding a +0 halberd (lightly wounded, 66% to hit)
You shoot an arrow. The gnoll shouts!
The arrow hits the gnoll.
The gnoll is moderately wounded.
You hear a shout!
An endoplasm comes into view.
The gnoll barely misses you.
Fire: a) +0 shortbow
Press: ? - help, Q - select action, (/) - cycle Shift-Dir - straight line, f/p - gnoll
Aim: a gnoll, wielding a +0 halberd (lightly wounded, 66% to hit)
You shoot an arrow. The arrow closely misses the gnoll.
The arrow hits the gnoll!
The gnoll is almost dead.
The gnoll closely misses you.
Fire: a) +0 shortbow
Press: ? - help, Q - select action, (/) - cycle Shift-Dir - straight line, f/p - gnoll
Aim: a gnoll, wielding a +0 halberd (lightly wounded, 66% to hit)
You shoot an arrow. The arrow barely misses the gnoll.
The arrow hits the gnoll.
You kill the gnoll!
The gnoll barely misses you.
Your Ranged Weapons skill increases to level 5!
Fire: a) +0 shortbow
Press: ? - help, Q - select action, (/) - cycle Shift-Dir - straight line, f/p - gnoll
Aim: a gnoll, wielding a +0 halberd (lightly wounded, 66% to hit)
You shoot an arrow. The arrow hits the gnoll sergeant.
The gnoll sergeant is moderately wounded.
Fire: a) +0 shortbow
Press: ? - help, Q - select action, (/) - cycle Shift-Dir - straight line, f/p - gnoll
Aim: a gnoll, wielding a +0 halberd (lightly wounded, 66% to hit)
You shoot an arrow.
The arrow closely misses the gnoll sergeant.
The arrow barely misses the gnoll.
The gnoll sergeant hits you from afar with a +0 spear.
Fire: a) +0 shortbow
Press: ? - help, Q - select action, (/) - cycle Shift-Dir - straight line, f/p - gnoll
Aim: a gnoll, wielding a +0 halberd (lightly wounded, 66% to hit)
You shoot an arrow.
The arrow closely misses the gnoll sergeant.
The arrow hits the gnoll.
The gnoll is moderately wounded.
You hear an angry hiss.
The gnoll sergeant hits you from afar with a +0 spear. x2
* * * LOW HITPOINT WARNING * * *
Fire: a) +0 shortbow
Press: ? - help, Q - select action, (/) - cycle Shift-Dir - straight line, f/p - gnoll
Aim: a gnoll, wielding a +0 halberd (moderately wounded, 66% to hit)
You shoot an arrow. The arrow hits the gnoll sergeant.
The gnoll sergeant is moderately wounded.
The gnoll sergeant hits you from afar with a +0 spear!
* * * LOW HITPOINT WARNING * * *
A dart slug comes into view.
Fire: a) +0 shortbow
Press: ? - help, Q - select action, (/) - cycle Shift-Dir - straight line, f/p - gnoll
Aim: a gnoll, wielding a +0 halberd (moderately wounded, 66% to hit)
You shoot an arrow.
The arrow closely misses the gnoll sergeant.
The arrow hits the gnoll!
The gnoll is almost dead.
The gnoll sergeant hits you but does no damage.
Fire: a) +0 shortbow
Press: ? - help, Q - select action, (/) - cycle Shift-Dir - straight line, f/p - gnoll
Aim: a gnoll, wielding a +0 halberd (almost dead, 66% to hit)
You shoot an arrow.
The arrow barely misses the gnoll sergeant.
The arrow barely misses the gnoll.
The gnoll sergeant hits you from afar with a +0 spear.
* * * LOW HITPOINT WARNING * * *
Fire: a) +0 shortbow
Press: ? - help, Q - select action, (/) - cycle Shift-Dir - straight line, f/p - gnoll
Aim: a gnoll, wielding a +0 halberd (almost dead, 66% to hit)
You shoot an arrow.
The arrow closely misses the gnoll sergeant.
The arrow hits the gnoll.
You kill the gnoll!
The gnoll sergeant barely misses you. The gnoll sergeant misses you.
Fire: a) +0 shortbow
Press: ? - help, Q - select action, (/) - cycle Shift-Dir - straight line, f - gnoll sergeant
Aim: a gnoll sergeant, wielding a +0 spear and wearing a +0 scale mail (moderately wounded, 70% to hit)
You shoot an arrow.
The arrow hits the gnoll sergeant but does no damage.
The gnoll sergeant is moderately wounded.
The gnoll sergeant hits you from afar with a +0 spear.
You die...

#.........# #.........#
#.)...†...###
#........)..########
#...................
#<........#..####### #
#.........##..# ##.#
##.......####.#####.....
##.....## #@)gJ.......
####### ####w.......
#..).....
#...).....#....
.....).........
.o....)..#.....
.....###.##...o. #....#
#.)....o.
##...###..#...K.


You could see a gnoll sergeant, a dart slug and an endoplasm.

Vanquished Creatures
  4 gnolls (D:3)
  An adder (D:3)
  2 worms
  A dart slug (D:1)
  5 orcs (D:3)
  6 ball pythons
  A bat (D:2)
  4 endoplasms
  3 giant cockroaches
  2 goblins (D:1)
  7 hobgoblins
  6 kobolds
  4 quokkas
  7 frilled lizards
  6 rats
  A spectral hobgoblin (D:2)
60 creatures vanquished.

Notes
Turn   | Place    | Note
-------+----------+-------------------------------------------
     0 | D:1      | Darkkill the Minotaur Hunter began the quest for the Orb.
     0 | D:1      | Reached XP level 1. HP: 18/18 MP: 0/0
    31 | D:1      | Reached skill level 1 in Stealth
    41 | D:1      | Reached XP level 2. HP: 13/25 MP: 1/1
   478 | D:1      | Reached XP level 3. HP: 31/31 MP: 2/2
   571 | D:2      | Found a faded altar of an unknown god.
   831 | D:2      | Found a snail-covered altar of Cheibriados.
  1221 | D:3      | Noticed a gnoll sergeant
  1327 | D:3      | Reached XP level 4. HP: 38/38 MP: 3/3
  1397 | D:3      | Reached skill level 5 in Ranged Weapons
  1400 | D:3      | HP: 3/39 [gnoll sergeant/+0 spear (9)]
  1402 | D:3      | HP: 1/39 [gnoll sergeant/+0 spear (2)]
  1404 | D:3      | Slain by a gnoll sergeant

Illustrated notes

Levels and vault maps discovered:
D:1:      eino_arrival_tree_alley, layout_rooms
D:2:      layout_rooms, basic_altar, dreamdust_ecumenical_altar_drowned_temple,
          minmay_indecisive_spiral
D:3:      layout_rooms, serial_shops, nicolae_shop_bloodbath_and_beyond,
          uniq_sigmund

Skill      XL: |  1  2  3  4 |
---------------+-------------+-----
Stealth        | 1 2 |  2.1
Fighting       | 3 |  3.6
Dodging        | 3 |  3.3
Ranged Weapons | 5 |  5.0

Action                   |  1- 3 |  4- 6 || total
-------------------------+-------+-------++-------
 Fire: Shortbow          |   134 |    41 ||   175
  Use: Scroll            |     6 |       ||     6
       Potion            |       |     2 ||     2
Armor: Leather armour    |    11 |     2 ||    13
Dodge: Dodged            |    32 |    22 ||    54

Table legend: (Time is in decaauts)
 A = Elapsed time spent in this place.
 B = Non-inter-level travel time spent in this place.
 C = Inter-level travel time spent in this place.
 D = Time resting spent in this place.
 E = Time spent auto-exploring this place.
 F = Levels seen in this place.
 G = Mean time per level.
                   A        B        C        D        E       F      G
               +--------+--------+--------+--------+--------+-----+--------+
         Total |   1472 |   1423 |     49 |    112 |    892 |   3 |  490.7 |
       Dungeon |   1472 |   1423 |     49 |    112 |    892 |   3 |  490.7 |
               +--------+--------+--------+--------+--------+-----+--------+

Top non-repeatable levels by time:
     D:2: 795 daAuts
     D:1: 567 daAuts
     D:3: 109 daAuts

Table legend:
 A = Kills in this place as a percentage of kills in entire the game.
 B = Kills by you in this place as a percentage of kills by you in the entire game.
 C = Kills by friends in this place as a percentage of kills by friends in the entire game.
 D = Other kills in this place as a percentage of other kills in the entire game.
 E = Experience gained in this place as a percentage of experience gained in the entire game.
 F = Experience gained in this place divided by the number of levels of this place that you have seen.
                   A       B       C       D       E      F
               +-------+-------+-------+-------+-------+----------------------
         Total | 100.0 | 100.0 |   N/A |   N/A | 100.0 |  58.3
       Dungeon | 100.0 | 100.0 |   N/A |   N/A | 100.0 |  58.3
               +-------+-------+-------+-------+-------+----------------------
